 Dungeon Crawl Stone Soup version 0.31-a0-1529-g7bd419a0e5 (webtiles) character file.

Game seed: 6236166402436303778

1229 experimilk the Skirmisher (level 8, -3/44 HPs)
             Began as a Kobold Hunter on Dec 31, 2023.
             Slain by a gnoll sergeant
             ... wielding a +5 trident of protection
              (6 damage)
             ... on level 5 of the Dungeon.
             The game lasted 00:12:57 (6417 turns).

experimilk the Skirmisher (Kobold Hunter)           Turns: 6417, Time: 00:12:57

Health: -3/44      AC:  9    Str:  9    XL:     8   Next: 77%
Magic:  0/8        EV: 14    Int: 13    God:
Gold:   208        SH:  0    Dex: 20    Spells: 7/7 levels left

rFire   + . .        b - +8 rapier of Doubt {vamp, rPois rF+ rN+ Int+3}
rCold   . . .        (no shield)
rNeg    + . .        c - +0 leather armour
rPois   +            (no helmet)
rElec   .            A - +2 cloak
rCorr   .            j - +1 pair of gloves
SInv    .            r - +0 pair of boots
Will    .....        g - amulet of guardian spirit
Stlth   +++          (no ring)
HPRegen 0.27/turn    (no ring)
MPRegen 0.11/turn

%: guardian spirit
@: no status effects
A: small, no large weapons, nightstalker 3
a: no special abilities


You were on level 5 of the Dungeon.
You visited 2 branches of the dungeon, and saw 7 of its levels.

You collected 264 gold pieces.
You spent 56 gold pieces at shops.

Inventory:

Hand Weapons
 a - a +0 shortbow
 b - the +8 rapier of Doubt (weapon) {vamp, rPois rF+ rN+ Int+3}
   (You found it on level 4 of the Dungeon)

   Int+3:     It affects your intelligence (+3).
   rF+:       It protects you from fire.
   rPois:     It protects you from poison rN+: It protects you from negative
   energy.
Armour
 c - a +0 leather armour (worn)
 j - a +1 pair of gloves (worn)
 r - a +0 pair of boots (worn)
 A - a +2 cloak (worn)
Jewellery
 g - an amulet of guardian spirit (around neck)
 k - a ring of wizardry
 x - a +6 ring of dexterity
 y - a ring of resist corrosion
 z - a ring of flight
 D - a ring of wizardry
Wands
 t - a wand of roots (8)
Scrolls
 e - a scroll of immolation {unknown}
 f - 2 scrolls of revelation {unknown}
 i - a scroll of teleportation {unknown}
 l - a scroll of brand weapon {unknown}
 n - a scroll of enchant armour {unknown}
 o - a scroll of fog {unknown}
 w - a scroll of butterflies
 B - a scroll of poison {unknown}
Potions
 d - 4 potions of brilliance
 h - 4 potions of curing
 m - a potion of enlightenment
 q - a potion of attraction
 s - a potion of magic {unknown}
 u - a potion of mutation {unknown}
 v - 2 potions of berserk rage
 C - a potion of degeneration {unknown}


   Skills:
 - Level 2.1 Fighting
 + Level 5.4 Short Blades
 * Level 12.6 Ranged Weapons
 - Level 2.4 Dodging
 - Level 1.3 Stealth


You had 7 spell levels left.
You didn't know any spells.
Your spell library contained the following spells:

 Spells                   Type           Power      Damage    Failure   Level
 Freeze                   Ice            0%         1d3       41%         1
 Kiss of Death            Conj/Necr      0%         2d5       41%         1
 Confusing Touch          Hex            0%         N/A       78%         3
 Frozen Ramparts          Ice            0%         1d1       78%         3
 Hailstorm                Conj/Ice       0%         3d5       78%         3
 Dispel Undead            Necr           0%         3d6       99%         4


Dungeon Overview and Level Annotations

Branches:
Dungeon (6/15)             Temple (1/1) D:5

Altars:
Ashenzari
Elyvilon
Gozag
Hepliaklqana
Kikubaaqudgha
Makhleb
Nemelex Xobeh
Qazlal
Ru
Sif Muna
Trog
Uskayaw
Vehumet
Wu Jian
Xom
Yredelemnul
Zin
The Shining One

Shops:
D:3 ?

Annotations:
D:4 2 transporters, Bediveer's ghost, amateur DrHu


Innate Abilities, Weirdness & Mutations

You are small and have problems with some larger weapons.
You are completely attuned to the shadows.


Message History

The gnoll hits you but does no damage. The gnoll barely misses you.
The gnoll sergeant misses you.
There is a stone staircase leading up here.
The gnoll hits you from afar with a +0 spear.
The gnoll sergeant misses you. The gnoll hits you but does no damage.
You climb upwards.
There is a stone staircase leading down here.
Unknown command.
You hit the gnoll sergeant but do no damage.
The gnoll sergeant is moderately wounded.
The gnoll sergeant hits you with a +5 trident of protection.
You barely miss the gnoll sergeant.
The gnoll sergeant is moderately wounded.
The gnoll misses you.
You closely miss the gnoll sergeant.
The gnoll sergeant is moderately wounded.
The gnoll sergeant hits you but does no damage.
The gnoll closely misses you.
You hit the gnoll sergeant but do no damage.
The gnoll sergeant is moderately wounded.
The gnoll sergeant hits you with a +5 trident of protection.
* * * LOW HITPOINT WARNING * * *
The gnoll closely misses you.
You puncture the gnoll sergeant!
You feel better.
The gnoll sergeant is heavily wounded.
The gnoll sergeant hits you with a +5 trident of protection!
* * * LOW HITPOINT WARNING * * *
The gnoll hits you with a +0 whip!
* * * LOW HITPOINT WARNING * * *
You closely miss the gnoll sergeant.
The gnoll sergeant is heavily wounded.
The gnoll sergeant misses you. The gnoll closely misses you.
You barely miss the gnoll sergeant.
The gnoll sergeant is heavily wounded.
The gnoll sergeant hits you but does no damage.
The gnoll closely misses you.
You puncture the gnoll sergeant!
The gnoll sergeant is almost dead.
The gnoll sergeant hits you with a +5 trident of protection!
You die...

#######.........###.##....
#####.....##......##...#
#..........#.#.##.##...#
#.###.#...##..........##
#.....................##
#.#####..###...##.###.##
#.# #........##.###.## #.#
#.....<..#......## #.#
#@g............... #.#
#.g............... #.#
#...##...#........
#.######...#...##.##....
#..............##.##....
#.######..#....##.##....
#.# #..#....##.##....
#.######..#....##.##....
#...............#.##....


You could see a gnoll sergeant and a gnoll.

Vanquished Creatures
  A water moccasin (D:5)
  2 ice beasts (D:5)
  An ogre (D:3)
  A phantom (D:4)
  A kobold brigand (D:5)
  3 scorpions (D:5)
  2 killer bees (D:5)
  A howler monkey (D:5)
  A jelly (D:5)
  A sleepcap (D:5)
  2 iguanas
  3 orc wizards
  3 gnolls (D:6)
  9 adders
  A white imp (D:5)
  2 ufetubi (D:5)
  3 dart slugs
  2 ribbon worms
  12 orcs
  4 ball pythons
  4 endoplasms
  5 giant cockroaches
  14 goblins
  7 hobgoblins
  8 jackals
  5 kobolds
  8 bats
  6 frilled lizards
  4 rats
116 creatures vanquished.

Notes
Turn   | Place    | Note
-------+----------+-------------------------------------------
     0 | D:1      | experimilk the Kobold Hunter began the quest for the Orb.
     0 | D:1      | Reached XP level 1. HP: 12/12 MP: 1/1
   122 | D:1      | Reached XP level 2. HP: 17/17 MP: 2/2
   126 | D:1      | Reached skill level 6 in Ranged Weapons
   443 | D:1      | Reached XP level 3. HP: 21/21 MP: 3/3
   895 | D:2      | Reached skill level 7 in Ranged Weapons
   943 | D:2      | Reached XP level 4. HP: 26/26 MP: 4/4
  1061 | D:2      | Found a faded altar of an unknown god.
  1450 | D:3      | Found Qeafilla's Magic Scroll Boutique.
  1455 | D:3      | Bought a scroll of identify for 28 gold pieces
  1455 | D:3      | Bought a scroll of identify for 28 gold pieces
  1470 | D:3      | Noticed an ogre
  1477 | D:3      | Killed an ogre
  1478 | D:3      | Reached skill level 8 in Ranged Weapons
  1478 | D:3      | Reached XP level 5. HP: 30/30 MP: 3/5
  1713 | D:3      | Reached XP level 6. HP: 18/35 MP: 3/6
  2059 | D:3      | Reached skill level 9 in Ranged Weapons
  3426 | D:4      | Reached skill level 10 in Ranged Weapons
  3745 | D:4      | Identified the +8 rapier of Doubt {vamp, rPois rF+ rN+
                  | Int+3}
  3814 | D:4      | Noticed Bediveer's ghost (amateur DrHu)
  3852 | D:4      | Found a transporter.
  3858 | D:4      | Found a transporter.
  3937 | D:4      | Reached XP level 7. HP: 32/40 MP: 4/7
  3943 | D:4      | Reached skill level 1 in Short Blades
  4071 | D:5      | Entered Level 5 of the Dungeon
  4346 | D:5      | Noticed a water moccasin
  4356 | D:5      | Killed a water moccasin
  4453 | D:5      | Reached skill level 11 in Ranged Weapons
  4651 | D:5      | Found a staircase to the Ecumenical Temple.
  4721 | Temple   | Entered the Ecumenical Temple
  4829 | D:5      | Reached XP level 8. HP: 44/44 MP: 8/8
  4991 | D:5      | Reached skill level 12 in Ranged Weapons
  5268 | D:5      | Reached skill level 5 in Short Blades
  5295 | D:5      | Found a shimmering blue altar of Sif Muna.
  5562 | D:6      | Noticed a yak
  5562 | D:6      | Noticed a yak
  5562 | D:6      | Noticed a yak
  6040 | D:6      | HP: 1/44 [gnoll/+0 whip[a gnoll sergeant] (6)]
  6414 | D:5      | HP: 2/44 [gnoll/+0 whip[a gnoll sergeant] (7)]
  6417 | D:5      | Slain by a gnoll sergeant

Illustrated notes

Levels and vault maps discovered:
D:1:      dpeg_arrival_short_road, layout_basic
D:2:      layout_rooms, chequers_ecumenical_altar_simple, minmay_tetromino_o4
D:3:      layout_basic, serial_shops, shop
D:4:      layout_rooms, gammafunk_ghost_abyssal_escape
D:5:      minmay_chambers_of_fours, layout_basic, lemuel_round_altar,
          minmay_temple_entry_tees
D:6:      layout_gridville, cheibriados_altar_1, okawaru_metal_pillars_1_2,
          st_stairs_6
Temple:   nicolae_temple_bog_church

Skill      XL: |  1  2  3  4  5  6  7  8 |
---------------+-------------------------+-----
Ranged Weapons | 6 7 8 10 11 12 | 12.6
Short Blades   | 3 5 |  5.4
Fighting       | |  2.1
Dodging        | |  2.4
Stealth        | |  1.3

Action                     |  1- 3 |  4- 6 |  7- 9 || total
---------------------------+-------+-------+-------++-------
  Melee: Shortbow          |       |     1 |       ||     1
         Rapier            |       |    14 |    88 ||   102
         Punch             |       |       |     2 ||     2
   Fire: Shortbow          |    74 |   171 |    71 ||   316
    Use: Scroll            |       |     5 |     3 ||     8
         Potion            |       |     1 |       ||     1
 Armour: Leather armour    |    13 |    65 |    78 ||   156
         Skin              |       |     9 |       ||     9
  Dodge: Dodged            |    17 |    81 |    81 ||   179

Table legend: (Time is in decaauts)
 A = Elapsed time spent in this place.
 B = Non-inter-level travel time spent in this place.
 C = Inter-level travel time spent in this place.
 D = Time resting spent in this place.
 E = Time spent auto-exploring this place.
 F = Levels seen in this place.
 G = Mean time per level.
                   A        B        C        D        E       F      G
               +--------+--------+--------+--------+--------+-----+--------+
         Total |   6414 |   6158 |    256 |   1397 |   3845 |   7 |  916.3 |
       Dungeon |   6413 |   6157 |    256 |   1397 |   3845 |   6 | 1068.8 |
        Temple |      1 |      1 |      0 |      0 |      0 |   1 |    1.0 |
               +--------+--------+--------+--------+--------+-----+--------+

Top non-repeatable levels by time:
     D:5: 2046 daAuts
     D:3: 1893 daAuts
     D:2: 749 daAuts
     D:1: 742 daAuts
     D:4: 699 daAuts
     D:6: 281 daAuts
  Temple: 1 daAuts
